Map: Nightscape LE

Players

Vollpaul

  • Race: Terran Terran
  • Spawn Location: 7:00

Darkman

  • Race: Protoss Protoss
  • Spawn Location: 7:00

Nyck - Winner!

  • Race: Terran Terran
  • Spawn Location: 1:00

Ekelpack - Winner!

  • Race: Zerg Zerg
  • Spawn Location: 1:00

VOD

Have the link to the VOD?

Description

Time

  • Played on: Sept. 17, 2020, 4:19 p.m.
  • Length: 14:42
Show
View Real Time Build Order
Export as new Build Order

Vollpaul Terran 

Build Orders:  

Get SALT Encoding   

  12  0:04  SCV  
  13  0:22  Supply Depot  
  13  0:24  SCV  
  14  0:37  SCV  
  15  0:44  Supply Depot  
  15  0:49  SCV, Refinery  
  16  1:01  SCV  
  17  1:10  Barracks  
  17  1:22  Engineering Bay  
  17  1:23  SCV  
  18  1:35  SCV  
  19  1:40  Barracks  
  19  1:47  SCV  
  20  1:59  SCV  
  21  2:02  Barracks Reactor  
  21  2:09  Bunker  
  21  2:25  Command Center  
  21  2:32  Orbital Command  
  21  2:40  Marine x2  
  23  2:56  Missile Turret  
  23  3:06  Barracks Tech Lab  
  23  3:08  Marine x2  
  25  3:26  Marine x2  
  27  3:47  Combat Shield  
  27  3:52  Planetary Fortress  
  27  3:58  Missile Turret  
  27  4:02  Missile Turret  
  27  4:11  Refinery  
  27  4:17  SCV  
  27  4:20  Supply Depot  
  27  4:23  Missile Turret  
  28  4:24  Hi-Sec Auto Tracking  
  28  4:30  SCV  
  28  4:31  Refinery  
  29  4:34  Refinery  
  29  4:45  Missile Turret  
  29  4:54  SCV  
  30  5:06  SCV, Concussive Shells  
  31  5:08  Factory  
  31  5:18  SCV  
  32  5:30  SCV  
  33  5:42  SCV  
  34  5:47  Factory, Marauder  
  36  5:54  Factory Tech Lab  
  36  6:02  SCV  
  37  6:09  Marauder  
  39  6:12  Supply Depot  
  39  6:14  SCV  
  39  6:17  Marine x2  
  42  6:26  SCV  
  42  6:30  Marauder  
  45  6:34  Missile Turret  
  45  6:35  Marine x2  
  45  6:38  SCV, Missile Turret  
  48  6:50  SCV  
  48  6:52  Marine  
  48  6:53  Marine  
  51  7:02  SCV, Armory  
  51  7:07  Missile Turret, Factory Tech Lab  
  52  7:10  Marine x2  
  52  7:14  SCV  
  55  7:44  SCV  
  55  7:45  Factory  
  56  7:52  Thor  
  62  8:00  Thor  
  62  8:01  SCV  
  62  8:03  Supply Depot  
  69  8:08  Supply Depot  
  69  8:13  SCV  
  69  8:19  Terran Vehicle And Ship Armor Level 1  
  70  8:25  SCV  
  71  8:37  SCV  
  71  8:38  SCV  
  71  8:40  Starport  
  73  8:43  Thor  
  79  8:50  SCV  
  79  8:51  Thor  
  79  8:54  Factory Tech Lab  
  86  9:07  Supply Depot  
  86  9:08  SCV  
  86  9:12  Marine  
  86  9:14  Marine  
  81  9:20  SCV  
  71  9:30  Marine  
  71  9:32  SCV, Marine  
  73  9:57  Medivac  
  73  10:30  Thor  
  79  10:45  Missile Turret  
  79  10:55  Armory  
  79  11:11  Thor, Medivac  
  79  11:14  Thor  
  79  11:16  Supply Depot  
  93  11:20  Marauder  
  95  11:27  Terran Infantry Weapons Level 1  
  95  11:41  Marauder  
  97  12:03  Marauder  
  97  12:05  Command Center  
  99  12:24  Marauder  
  101  12:41  Terran Vehicle Weapons Level 1  
  101  12:46  Marauder  
  103  12:58  Missile Turret  
  103  13:01  Missile Turret  
  102  13:16  Siege Tank x2  
  94  13:26  Supply Depot  
Show
View Real Time Build Order
Export as new Build Order

Darkman Protoss 

Build Orders:  

Get SALT Encoding   

  12  0:03  Probe  
  13  0:21  Pylon  
  13  0:24  Probe  
  14  0:36  Probe  
  15  0:49  Gateway  
  15  0:53  Forge  
  15  1:11  Pylon  
  15  1:16  Pylon  
  15  1:19  Pylon  
  15  1:23  Probe (Chrono Boost)  
  15  1:24  Pylon  
  17  1:34  Probe (Chrono Boost)  
  17  1:38  Probe (Chrono Boost)  
  18  1:49  Probe  
  18  1:50  Assimilator  
  18  1:52  Zealot  
  18  1:54  Assimilator  
  21  2:01  Probe  
  21  2:08  Photon Cannon  
  22  2:29  Nexus  
  22  2:42  Pylon  
  22  2:49  Pylon  
  22  2:53  Pylon  
  22  2:56  Pylon  
  22  3:03  Zealot  
  24  3:30  Zealot  
  26  3:35  Photon Cannon  
  26  3:42  Photon Cannon  
  26  3:55  Pylon  
  26  3:57  Zealot  
  28  4:17  Photon Cannon  
  28  4:21  Probe (Chrono Boost)  
  29  4:24  Zealot  
  33  4:32  Probe (Chrono Boost)  
  33  4:33  Probe (Chrono Boost)  
  33  4:40  Probe x2 (Chrono Boost)  
  35  4:49  Probe (Chrono Boost)  
  35  4:51  Probe (Chrono Boost)  
  37  4:55  Probe (Chrono Boost)  
  38  5:00  Probe (Chrono Boost)  
  40  5:11  Assimilator  
  40  5:12  Probe (Chrono Boost)  
  40  5:13  Probe (Chrono Boost)  
  41  5:15  Assimilator  
  41  5:17  Probe (Chrono Boost)  
  41  5:19  Probe (Chrono Boost)  
  43  5:26  Probe  
  44  5:31  Probe  
  45  5:38  Probe  
  46  5:43  Probe  
  47  5:59  Probe (Chrono Boost)  
  48  6:09  Probe (Chrono Boost)  
  48  6:14  Probe (Chrono Boost)  
  48  6:16  Photon Cannon  
  42  6:25  Probe  
  41  6:34  Photon Cannon  
  41  6:35  Photon Cannon  
  41  6:37  Probe, Photon Cannon  
  41  6:43  Photon Cannon  
  41  6:46  Photon Cannon  
  39  6:49  Photon Cannon  
  39  6:53  Photon Cannon  
  37  7:40  Photon Cannon  
  37  7:43  Pylon  
  37  7:53  Photon Cannon  
  27  8:30  Cybernetics Core  
  27  9:07  Photon Cannon  
  27  9:08  Photon Cannon  
  27  9:10  Photon Cannon  
  27  9:12  Photon Cannon  
  27  9:16  Shield Battery  
  27  9:43  Nexus  
  27  9:50  Assimilator  
  27  9:58  Protoss Shields Level 1 (Chrono Boost)  
  27  10:18  Protoss Air Weapons Level 1  
  27  10:23  Stargate  
  27  10:25  Stargate  
  27  10:31  Stargate  
  27  10:32  Stargate  
  27  10:56  Stalker  
  29  11:01  Probe (Chrono Boost)  
  31  11:12  Probe (Chrono Boost)  
  31  11:17  Probe (Chrono Boost)  
  32  11:26  Stalker  
  32  11:29  Probe (Chrono Boost)  
  35  11:34  Probe (Chrono Boost)  
  37  11:44  Void Ray, Probe (Chrono Boost)  
  37  11:45  Probe (Chrono Boost)  
  37  11:46  Void Ray  
  46  11:49  Probe (Chrono Boost)  
  46  11:52  Probe  
  48  11:56  Stalker  
  48  12:00  Probe  
  51  12:04  Probe  
  52  12:12  Probe  
  53  12:24  Void Ray x2  
  53  12:25  Void Ray x2  
  53  12:26  Stalker  
  71  12:56  Stalker  
Show
View Real Time Build Order
Export as new Build Order

Nyck Terran - Winner!

Build Orders:  

Get SALT Encoding   

  12  0:00  SCV  
  13  0:12  SCV  
  14  0:20  Supply Depot  
  14  0:25  SCV  
  15  0:41  SCV  
  16  0:43  Barracks  
  16  0:53  SCV  
  16  0:54  Barracks  
  17  1:05  SCV  
  18  1:17  SCV  
  19  1:30  Orbital Command  
  19  1:34  Supply Depot  
  19  1:37  Refinery  
  19  1:41  Marine  
  19  1:43  Marine  
  19  1:46  Barracks  
  21  1:53  Barracks  
  21  1:57  SCV  
  22  2:02  Supply Depot  
  22  2:07  Marine x2  
  24  2:15  SCV  
  25  2:29  SCV  
  26  2:35  Supply Depot  
  26  2:36  Marine x3  
  29  2:42  Marine  
  30  2:56  Bunker  
  30  2:58  Marine  
  30  2:59  Marine x2  
  33  3:06  SCV  
  33  3:07  Marine  
  35  3:14  Supply Depot  
  35  3:19  SCV  
  36  3:22  Refinery  
  36  3:27  Marine, Factory  
  36  3:28  Marine x3  
  40  3:37  Supply Depot  
  40  3:41  SCV  
  41  3:52  Marine x4  
  45  4:09  SCV  
  46  4:10  Reaper x4  
  50  4:22  Engineering Bay  
  50  4:27  Engineering Bay  
  50  4:28  SCV  
  51  4:40  SCV  
  51  4:42  Marine x4  
  56  4:57  SCV  
  57  5:02  Terran Infantry Weapons Level 1  
  57  5:03  Terran Infantry Armor Level 1  
  57  5:07  Armory  
  57  5:09  SCV  
  58  5:17  Command Center  
  55  5:45  Marine x3  
  58  5:50  Barracks Tech Lab  
  58  6:11  Combat Shield  
  58  6:17  Barracks Reactor x2  
  58  6:20  Barracks Reactor  
  58  6:29  Marauder  
  60  6:39  Starport  
  60  6:40  Factory Reactor  
  60  6:51  Marauder  
  62  6:57  Command Center  
  62  6:58  Marine x4  
  62  6:59  Marine x2  
  68  7:03  Terran Infantry Weapons Level 2  
  68  7:24  Supply Depot  
  68  7:32  Orbital Command  
  68  7:41  Marine x2  
  68  7:42  Marine  
  68  7:43  Marine  
  68  7:44  Marine  
  72  7:47  Supply Depot  
  73  7:52  Medivac x2  
  77  8:11  Supply Depot  
  77  8:16  Marine x4  
  77  8:17  Marine x2  
  77  8:18  Marauder  
  85  8:22  Medivac x2  
  89  8:27  SCV  
  89  8:34  Supply Depot  
  90  8:39  SCV  
  90  8:40  Marauder  
  93  8:49  Marine x4  
  93  8:50  Marine x2  
  93  8:51  SCV  
  100  9:04  SCV  
  100  9:08  Marine x2  
  100  9:09  Marine  
  103  9:16  SCV  
  105  9:28  SCV  
  106  9:40  SCV  
  106  9:41  Marine x2, Marauder  
  106  9:42  Marine x3  
  107  10:03  Marauder  
  99  10:22  Refinery  
  99  10:24  SCV, Refinery  
  99  10:27  Marine, Marauder  
  99  10:28  Marine x2  
  102  10:29  Marine  
  102  10:35  Orbital Command  
  103  10:36  SCV  
  104  10:48  SCV  
  104  10:49  Marauder  
  107  10:50  Marine x3  
  107  10:51  Marine x2  
  107  10:53  Stimpack  
  107  10:55  Medivac  
  114  11:00  SCV, Terran Infantry Armor Level 2  
  115  11:10  Marauder  
  117  11:12  SCV  
  117  11:13  SCV  
  119  11:20  Supply Depot  
  119  11:25  SCV  
  120  11:28  Refinery  
  120  11:30  SCV  
  120  11:31  Marine  
  120  11:32  Marine  
  123  11:34  Marine x2  
  123  11:37  SCV  
  126  11:41  SCV  
  126  11:42  SCV  
  126  11:43  Supply Depot  
  128  11:53  SCV  
  130  11:54  SCV  
  130  11:56  Refinery  
  130  12:05  Supply Depot, SCV  
  131  12:16  Medivac x2  
  131  12:17  SCV  
  136  12:26  SCV x2  
  136  12:28  Supply Depot  
  136  12:29  SCV  
  139  12:31  Marine x6, Marauder  
  147  12:37  Concussive Shells  
  147  12:38  SCV x2  
  149  12:48  Marine  
  149  12:50  Supply Depot  
  150  12:52  Marauder  
  151  13:10  Marine x2  
  151  13:11  Marine x4  
  157  13:13  Marauder  
  135  14:17  Marine x4  
  135  14:18  Marine x3  
Show
View Real Time Build Order
Export as new Build Order

Ekelpack Zerg - Winner!

Build Orders: Hatch First, Brood Lord Corruptor 

Get SALT Encoding   

  12  0:00  Drone  
  13  0:08  Drone  
  14  0:25  Drone, Extractor  
  15  0:45  Hatchery, Overlord  
  14  0:51  Extractor  
  14  0:52  Drone  
  15  1:08  Drone x3  
  18  1:11  Extractor  
  18  1:17  Spawning Pool  
  17  1:24  Extractor  
  16  1:27  Drone  
  16  1:31  Drone  
  18  1:43  Drone  
  19  1:53  Drone  
  20  2:02  Overlord  
  20  2:04  Queen  
  20  2:06  Queen  
  25  2:15  Drone  
  25  2:17  Drone x2  
  27  2:24  Drone  
  27  2:29  Extractor  
  27  2:32  Drone  
  27  2:35  Extractor  
  27  2:37  Drone x2  
  29  2:44  Queen  
  29  2:45  Drone  
  29  2:49  Drone  
  33  2:52  Lair  
  33  2:57  Drone  
  34  2:58  Drone  
  34  3:04  Drone  
  36  3:11  Overlord  
  36  3:20  Overlord  
  36  3:28  Drone, Extractor  
  36  3:35  Drone x6  
  42  3:43  Overlord  
  42  3:46  Drone x2  
  44  3:52  Drone x4  
  48  4:01  Drone  
  48  4:02  Spire  
  48  4:06  Overseer  
  48  4:09  Drone  
  49  4:10  Overlord  
  49  4:13  Drone  
  50  4:43  Overlord x2  
  50  5:02  Overlord  
  50  5:13  Hatchery  
  49  5:14  Mutalisk x5  
  49  5:15  Mutalisk x5  
  49  5:18  Zerg Flyer Weapons Level 1  
  69  5:49  Infestation Pit  
  68  5:51  Drone x3  
  68  5:52  Drone x5  
  76  6:02  Mutalisk  
  76  6:03  Overlord x2, Mutalisk x3  
  82  6:05  Drone  
  85  6:23  Mutalisk x2  
  85  6:24  Overlord  
  89  6:42  Extractor  
  89  6:44  Hive, Extractor  
  87  6:53  Drone x3  
  90  7:29  Mutalisk x4  
  98  7:40  Zergling x2  
  98  7:41  Zergling x12  
  98  7:42  Zergling x2  
  105  8:03  Metabolic Boost  
  105  8:07  Greater Spire  
  100  8:24  Zergling x2  
  100  8:25  Zergling x12  
  100  8:26  Zergling x14  
  100  8:27  Zergling x2  
  115  8:30  Hatchery  
  114  8:37  Mutalisk x3  
  114  8:38  Overlord  
  118  8:51  Zergling x2  
  118  8:52  Zergling x4  
  121  8:57  Overlord x3  
  121  9:04  Zergling x10, Overlord x2  
  121  9:05  Overlord  
  124  9:15  Mutalisk x3  
  124  9:16  Zergling x4  
  128  9:22  Adrenal Glands  
  128  9:29  Corruptor x3  
  133  9:38  Zergling x6  
  135  9:54  Drone x5  
  140  10:03  Zerg Flyer Weapons Level 2  
  140  10:05  Corruptor  
  140  10:06  Corruptor x3  
  148  10:08  Brood Lord x3  
  148  10:13  Extractor  
  153  10:15  Extractor  
  152  10:33  Hatchery  
  151  10:39  Brood Lord x4  
  159  10:49  Drone x3  
  163  10:50  Drone x2  
  163  10:55  Drone x3  
  163  10:56  Overlord x3  
  167  11:09  Evolution Chamber  
  167  11:10  Evolution Chamber  
  165  11:14  Corruptor x2  
  165  11:15  Zergling x2, Corruptor  
  165  11:16  Zergling x12  
  165  11:17  Zergling x2, Overlord  
  179  11:37  Zerg Melee Weapons Level 1  
  179  11:38  Zerg Ground Armor Level 1  
  179  11:57  Corruptor  
  179  11:58  Corruptor x5  
  179  11:59  Corruptor  
  193  12:24  Brood Lord x3  
  174  13:46  Brood Lord x2  
  174  13:47  Brood Lord x4  
  184  13:51  Mutalisk x2  
  184  13:52  Corruptor x5  
  184  13:53  Corruptor  
  177  14:16  Mutalisk x6  
  177  14:17  Mutalisk x5  
  183  14:20  Zergling x8  
Tags
 
Add a new tag
Caveats
  • Supply blocks, unpowered buildings, or Contaminate may cause inaccurate times.
  • Supply counts are checked every 10 seconds.